 Dungeon Crawl Stone Soup version 0.22.1-2-g9c5b331 (webtiles) character file.

50 diana the Cutter (level 3, -8/28 HPs)
             Began as a Demonspawn Gladiator on Dec 29, 2018.
             Mangled by a gnoll
             ... wielding a +0 flail
              (14 damage)
             ... on level 2 of the Dungeon.
             The game lasted 00:01:14 (1287 turns).

diana the Cutter (Demonspawn Gladiator)             Turns: 1287, Time: 00:01:14

Health: -8/28      AC:  8    Str: 15    XL:     3   Next: 55%
Magic:  3/3        EV: 13    Int:  9    God:
Gold:   36         SH:  0    Dex: 14    Spells: 2/2 levels left

rFire    + . .     SeeInvis .   a - +0 rapier
rCold    . . .     Gourm    .   (no shield)
rNeg     . . .     Faith    .   b - +0 leather armour
rPois    .         Spirit   .   c - +0 helmet
rElec    .         Reflect  .   (no cloak)
rCorr    .         Harm     .   (no gloves)
MR       .....                  q - +0 pair of boots
Stlth    +.........             (no amulet)
HPRegen  0.09/turn              m - ring of protection from fire
MPRegen  0.08/turn              (no ring)

@: no status effects
A: slimy green scales 2
a: no special abilities


You were on level 2 of the Dungeon.
You were very hungry.

You visited 1 branch of the dungeon, and saw 2 of its levels.

You collected 36 gold pieces.

Inventory:

Hand Weapons
 a - a +0 rapier (weapon)
Missiles
 d - 3 throwing nets (quivered)
Armour
 b - a +0 leather armour (worn)
 c - a +0 helmet (worn)
 q - a +0 pair of boots (worn)
Jewellery
 m - a ring of protection from fire (left hand)
Scrolls
 g - a scroll of fear {unknown}
 h - a scroll of blinking {unknown}
 i - 2 scrolls of fog {unknown}
 l - a scroll of remove curse {unknown}
 n - a scroll of teleportation {unknown}
 o - 4 scrolls of identify {unknown}
 r - a scroll of magic mapping {unknown}
Potions
 e - a potion of berserk rage {unknown}
 j - a potion of agility {unknown}
 k - a potion of curing {unknown}
 p - 2 potions of lignification {unknown}
Comestibles
 f - 7 rations


   Skills:
 + Level 2.5 Fighting
 * Level 3.3 Short Blades
 - Level 1.7 Throwing
 + Level 1.0 Armour
 + Level 3.0 Dodging


You had 2 spell levels left.
You didn't know any spells.
Your spell library was empty.

Dungeon Overview and Level Annotations

Branches:
Dungeon (2/15)

Altars:


Innate Abilities, Weirdness & Mutations

You are mostly covered in slimy green scales. (AC +3)


Message History

You are too injured to fight recklessly!
You are too injured to fight recklessly!
You are too injured to fight recklessly!
You are too injured to fight recklessly!
You are too injured to fight recklessly!
You are too injured to fight recklessly!
You are too injured to fight recklessly!
You are too injured to fight recklessly!
You are too injured to fight recklessly!
You are too injured to fight recklessly!
You are too injured to fight recklessly!
You are too injured to fight recklessly!
You are too injured to fight recklessly!
You are too injured to fight recklessly!
You are too injured to fight recklessly!
You are too injured to fight recklessly!
You are too injured to fight recklessly!
The gnoll hits you with a flail!
Ouch! That really hurt!
You die...

##. ...## ######
##......... #.....#...#
#.....#... #.......g# # #.
##......)g#.# # #.#
##......#.g..# .# #.#
#.....†.#@#####..##
####.###.#.......##....%.#
#.....##.#.......?..#...#
#.....#....#.#####....#
#........##..# #.####
#......##†).# #.# ...
#.....†...## #.###### ##..
#.......#### ##.#....!
...#
#.....#....######....#
...#


You could see 3 gnolls.

Vanquished Creatures
  A gnoll (D:2)
  2 worms (D:2)
  A dart slug (D:1)
  A leopard gecko (D:2)
  2 giant cockroaches
  3 goblins
  3 hobgoblins (D:2)
  3 jackals (D:1)
  A quokka (D:2)
  8 bats
  2 frilled lizards (D:1)
  A kobold (D:1)
  A rat (D:1)
29 creatures vanquished.

Notes
Turn   | Place    | Note
-------+----------+-------------------------------------------
     0 | D:1      | diana the Demonspawn Gladiator began the quest for the Orb.
     0 | D:1      | Reached XP level 1. HP: 16/16 MP: 1/1
   438 | D:1      | Gained mutation: You are partially covered in slimy green
                  | scales. (AC +2) [demonic ancestry]
   438 | D:1      | Reached XP level 2. HP: 22/22 MP: 2/2
  1184 | D:2      | Gained mutation: You are mostly covered in slimy green
                  | scales. (AC +3) [demonic ancestry]
  1184 | D:2      | Reached XP level 3. HP: 26/28 MP: 3/3
  1266 | D:2      | Reached skill level 1 in Armour
  1287 | D:2      | Mangled by a gnoll

Skill      XL: |  1  2  3 |
---------------+----------+-----
Short Blades   | 3 |  3.3
Dodging        | 3 |  3.0
Armour         | 1 |  1.0
Fighting       | |  2.5
Throwing       | |  1.7

Action                   || total
-------------------------++-------
Melee: Rapier            ||    83
 Stab: Sleeping          ||     1
Armor: Leather armour    ||    32
Dodge: Dodged            ||    73
